 Dungeon Crawl Stone Soup version 0.23.1 (webtiles) character file.

Game seed: 13274349467356060415

81 Borgoz the Sneak (level 4, -1/35 HPs)
             Began as a Ghoul Enchanter on Mar 4, 2019.
             Was an Initiate of Ashenzari.
             Slain by an orc priest
             ... wielding a +0 mace
              (2 damage)
             ... on level 2 of the Dungeon.
             The game lasted 00:06:44 (3096 turns).

Borgoz the Sneak (Ghoul Enchanter)                  Turns: 3096, Time: 00:06:45

Health: -1/35      AC:  7    Str: 11      XL:     4   Next: 40%
Magic:  6/6        EV:  9    Int:  9 (10) God:    Ashenzari [......]
Gold:   79         SH:  0    Dex:  9 (10) Spells: 4/7 levels left

rFire    + . .     SeeInvis .   a - +2 dagger
rCold    + . .     Gourm    .   (no shield)
rNeg     + + +     Faith    +   h - +1 scale mail
rPois    ∞         Spirit   .   (no helmet)
rElec    .         Reflect  .   (no cloak)
rCorr    .         Harm     .   (no gloves)
MR       .....                  (no boots)
Stlth    +.........             f - amulet of faith
HPRegen  0.00/turn              c - ring of protection from fire
MPRegen  0.10/turn              (no ring)

@: rotting
A: rotting body, claws 1, carnivore, cold resistance 1, negative energy
resistance 3, inhibited regeneration, torment resistance, unbreathing
a: Curse Item, Renounce Religion


You were on level 2 of the Dungeon.
You worshipped Ashenzari.
Ashenzari was noncommittal.
You were not hungry.

You visited 1 branch of the dungeon, and saw 3 of its levels.

You collected 79 gold pieces.

Inventory:

Hand Weapons
 a - a +2 dagger (weapon)
Armour
 b - a +0 robe
 h - a +1 scale mail (worn)
Jewellery
 c - a ring of protection from fire (left claw)
 f - an amulet of faith (around neck)
Wands
 i - a wand of polymorph (7)
Scrolls
 e - a scroll of enchant armour
Comestibles
 d - 4 rations


   Skills:
 + Level 1.2 Fighting
 * Level 1.7 Short Blades
 + Level 0.6 Armour
 * Level 2.4 Dodging
 + Level 3.6 Stealth
 + Level 2.0 Spellcasting
 * Level 2.7 Hexes


You had 4 spell levels left.
You knew the following spells:

 Your Spells              Type           Power        Failure   Level  Hunger
a - Corona                Hex            #......      54%         1    ##.....
b - Ensorcelled Hibernat  Hex/Ice        #.....       87%         2    ###....

Your spell library contained the following spells:

 Spells                   Type           Power        Failure   Level  Hunger
 Confuse                  Hex            #.......     89%         3    ####...
 Tukima's Dance           Hex            #.......     89%         3    ####...
 Dazzling Spray           Conj/Hex       #.....       98%         3    ####...


Dungeon Overview and Level Annotations

Branches:
Dungeon (3/15)

Altars:
Ashenzari
Elyvilon
Hepliaklqana
Nemelex Xobeh


Innate Abilities, Weirdness & Mutations

Your body is rotting away.
You thrive on raw meat.
You are immune to poison.
You have sharp fingernails.
You are carnivorous and can eat meat at any time.
Your flesh is cold resistant. (rC+)
You are immune to negative energy. (rN+++)
You do not regenerate when monsters are visible.
You are immune to unholy pain and torment.
You can survive without breathing.


Message History

The orc priest hits you but does no damage.
You closely miss the orc priest.
The orc priest is heavily wounded.
The orc priest mumbles some strange prayers to Beogh against you.
Beogh smites you!
* * * LOW HITPOINT WARNING * * *
You aren't carrying any potions.
Okay, then.
You hit the orc priest but do no damage.
The orc priest is heavily wounded.
The orc priest hits you but does no damage.
Your scale mail prevents you from hitting the orc priest.
The orc priest is heavily wounded.
You hit the orc priest but do no damage.
The orc priest is heavily wounded.
The orc priest hits you but does no damage.
You hit the orc priest.
The orc priest is almost dead.
The orc priest hits you with a +0 mace.
You die...

#............(.♣..^....###.#
#.......................##.#
#..............'.........#.#
#...........#(##...........#
#...........#.########....<#
#...........#.# #######
#............)#
############.[################
#.@o...............
###################


You could see an orc priest.

Vanquished Creatures
  An adder (D:2)
  3 worms
  5 dart slugs
  3 leopard geckos
  An orc (D:2)
  3 giant cockroaches (D:1)
  7 goblins
  5 hobgoblins
  4 jackals (D:1)
  A quokka (D:2)
  3 bats (D:1)
  4 frilled lizards
  2 kobolds
  8 rats
50 creatures vanquished.

Notes
Turn   | Place    | Note
-------+----------+-------------------------------------------
     0 | D:1      | Borgoz the Ghoul Enchanter began the quest for the Orb.
     0 | D:1      | Reached XP level 1. HP: 14/14 MP: 2/2
   169 | D:1      | Reached skill level 1 in Short Blades
   234 | D:1      | Reached XP level 2. HP: 10/20 MP: 3/3
   719 | D:1      | Reached XP level 3. HP: 19/27 MP: 1/4
   744 | D:1      | Learned a level 2 spell: Ensorcelled Hibernation
  1688 | D:2      | Found a faded altar of an unknown god.
  1907 | D:2      | Reached skill level 1 in Fighting
  1907 | D:2      | Reached XP level 4. HP: 28/35 MP: 6/6
  2103 | D:2      | Found a shattered altar of Ashenzari.
  2113 | D:2      | Became a worshipper of Ashenzari the Shackled
  2143 | D:2      | Found a hazy altar of Hepliaklqana.
  2153 | D:2      | Found a white marble altar of Elyvilon.
  2251 | D:2      | Found a sparkling altar of Nemelex Xobeh.
  2454 | D:3      | HP: 1/35 [orc priest/divine providence (15)]
  3092 | D:2      | HP: 1/35 [orc priest/divine providence (14)]
  3096 | D:2      | Slain by an orc priest

Skill      XL: |  1  2  3 |
---------------+----------+-----
Short Blades   | 1 |  1.7
Dodging        | 2 |  2.4
Spellcasting   | 2 |  2.0
Fighting       | 1 |  1.2
Armour         | |  0.6
Stealth        | |  3.6
Hexes          | |  2.7

Action                   |  1- 3 |  4- 6 || total
-------------------------+-------+-------++-------
Melee: Dagger            |   238 |    69 ||   307
  Use: Potion            |     3 |       ||     3
       Scroll            |     4 |     1 ||     5
  Eat: Chunk             |    16 |     1 ||    17
Armor: Scale mail        |    99 |    19 ||   118
       Robe              |     8 |       ||     8
Dodge: Dodged            |    87 |    18 ||   105
